Map: Port Aleksander LE

Players

WiNdRiVeN - Winner!

  • Race: Zerg Zerg
  • League: Master
  • Spawn Location: 11:00

Cerdoken

  • Race: Terran Terran
  • League: Master
  • Spawn Location: 5:00

VOD

Have the link to the VOD?

Description

Time

  • Played on: Nov. 28, 2018, 9:09 p.m.
  • Length: 10:54
Show
View Real Time Build Order
Export as new Build Order

WiNdRiVeN Zerg - Winner!

Build Orders: Pool First, Brood Lord Corruptor 

Get SALT Encoding   

  12  0:01  Drone  
  13  0:12  Overlord  
  13  0:18  Drone  
  14  0:30  Drone x2  
  16  0:44  Extractor  
  16  0:45  Spawning Pool  
  16  0:46  Drone  
  15  0:51  Drone  
  15  0:56  Drone  
  17  1:18  Hatchery  
  16  1:21  Drone  
  17  1:26  Drone  
  17  1:29  Drone  
  19  1:42  Queen  
  21  1:48  Metabolic Boost  
  21  1:55  Overlord  
  21  1:59  Drone  
  22  2:13  Zergling x4  
  24  2:22  Zergling x2  
  25  2:23  Pneumatized Carapace  
  25  2:31  Zergling x2  
  26  2:42  Zergling x4  
  28  2:51  Overlord  
  28  2:52  Drone  
  28  2:54  Drone  
  30  3:02  Drone  
  31  3:07  Drone  
  31  3:11  Lair  
  32  3:13  Drone  
  32  3:14  Queen  
  32  3:17  Drone  
  36  3:24  Drone  
  37  3:33  Drone  
  35  3:39  Drone x2  
  35  3:45  Drone  
  35  3:48  Drone, Extractor  
  35  3:56  Drone  
  36  4:03  Drone  
  36  4:07  Overlord  
  37  4:13  Drone  
  38  4:18  Drone x3, Spire  
  38  4:20  Drone  
  38  4:21  Drone  
  42  4:24  Extractor  
  42  4:25  Extractor  
  42  4:30  Zergling x8  
  44  4:34  Queen  
  46  4:39  Overlord  
  46  4:47  Drone x5  
  51  4:59  Drone x5  
  56  5:06  Overlord  
  56  5:14  Hatchery  
  55  5:17  Overlord x2  
  55  5:30  Mutalisk x5  
  67  5:36  Mutalisk  
  57  5:55  Mutalisk x2  
  59  6:01  Queen  
  59  6:04  Drone x5  
  62  6:06  Drone  
  62  6:07  Drone  
  62  6:09  Drone  
  69  6:13  Drone x2  
  69  6:14  Drone x2  
  73  6:19  Infestation Pit  
  73  6:22  Drone  
  73  6:24  Drone  
  74  6:31  Drone, Queen  
  77  6:34  Overlord  
  77  6:36  Overlord  
  77  6:38  Drone  
  78  6:44  Drone x3  
  81  6:49  Drone  
  81  6:50  Drone x5  
  84  6:55  Hive  
  84  6:59  Extractor x2  
  82  7:02  Drone x3  
  85  7:13  Drone x8  
  93  7:24  Drone  
  93  7:25  Drone x2  
  93  7:28  Hatchery  
  95  7:39  Evolution Chamber  
  94  7:47  Overlord x4  
  94  7:48  Overlord  
  94  7:57  Zergling x12  
  94  7:58  Zergling x8  
  104  8:04  Zergling x2  
  105  8:13  Greater Spire  
  105  8:16  Zerg Ground Armor Level 1  
  98  8:20  Zergling x16  
  105  8:27  Corruptor  
  105  8:28  Corruptor x2  
  105  8:32  Corruptor x3  
  115  8:45  Corruptor  
  115  8:46  Corruptor x6  
  126  8:54  Extractor  
  123  8:56  Extractor  
  123  8:57  Drone x4  
  123  8:58  Drone x4  
  127  9:12  Queen  
  127  9:13  Overlord x2  
  129  9:25  Brood Lord x5  
  129  9:28  Zergling x8  
  129  9:29  Zergling x2  
  144  9:36  Brood Lord  
  144  9:37  Brood Lord x2  
  150  9:46  Corruptor x2  
  150  9:49  Corruptor  
  156  9:56  Zergling x10  
  156  9:57  Zergling x8  
  161  10:08  Zergling x2  
  161  10:09  Zergling x12  
  165  10:16  Overseer  
  165  10:17  Overlord  
  165  10:18  Overlord x4  
  152  10:30  Baneling Nest  
Show
View Real Time Build Order
Export as new Build Order

Cerdoken Terran 

Build Orders: Gas First Reaper Expand, Liberator Opening 

Get SALT Encoding   

  12  0:00  SCV  
  13  0:14  SCV  
  13  0:17  Supply Depot  
  14  0:27  SCV  
  15  0:28  Refinery  
  15  0:45  SCV  
  15  0:46  Barracks  
  16  1:01  SCV  
  17  1:13  SCV  
  18  1:33  Reaper  
  18  1:34  Orbital Command  
  19  1:44  Command Center  
  19  1:57  Factory  
  19  2:04  SCV  
  20  2:09  Barracks Reactor  
  20  2:16  SCV  
  20  2:19  Supply Depot  
  20  2:21  Refinery  
  21  2:28  SCV  
  22  2:45  Starport, SCV  
  23  2:54  Hellion x2, Barracks Tech Lab  
  27  2:59  SCV  
  28  3:05  Orbital Command  
  28  3:11  SCV  
  31  3:23  Marine  
  30  3:30  Hellion x2  
  33  3:42  Liberator  
  33  3:46  SCV x2  
  35  3:55  Marine, Hellion x2  
  43  4:03  SCV  
  43  4:07  SCV  
  45  4:21  SCV  
  46  4:28  Supply Depot  
  46  4:31  Stimpack  
  46  4:39  Factory Tech Lab  
  46  4:50  Marine, SCV  
  48  4:52  Command Center  
  48  4:56  Supply Depot  
  48  4:57  SCV  
  49  5:02  SCV  
  49  5:06  Siege Tank  
  53  5:10  Starport Reactor  
  53  5:13  Barracks, SCV  
  54  5:15  Barracks  
  54  5:18  SCV  
  54  5:20  Marine  
  56  5:34  SCV x2  
  58  5:50  Marine  
  58  5:51  Siege Tank  
  62  5:59  Starport Reactor  
  62  6:03  Engineering Bay  
  62  6:04  SCV x2, Refinery  
  62  6:06  Engineering Bay  
  62  6:07  Marine x2  
  62  6:08  Marine  
  60  6:14  Orbital Command  
  60  6:16  SCV x2  
  62  6:18  Marine x2  
  61  6:29  Missile Turret  
  61  6:31  Missile Turret  
  61  6:33  Marine x3  
  61  6:36  Widow Mine  
  61  6:38  Marine x2  
  68  6:41  Medivac x2  
  72  6:52  SCV x2  
  72  6:53  Marine x2  
  72  6:54  Marine  
  71  6:58  Terran Infantry Armor Level 1, Terran Infantry Weapons Level 1  
  71  6:59  Refinery  
  71  7:03  Marine x2  
  75  7:08  Widow Mine  
  75  7:13  Barracks  
  75  7:15  Barracks  
  73  7:24  Reaper  
  73  7:28  Marine x4  
  77  7:33  Supply Depot  
  77  7:35  Supply Depot  
  77  7:54  Marine x3, Medivac  
  77  7:55  Widow Mine  
  77  7:56  Medivac  
  85  8:00  Marine  
  85  8:03  Barracks Reactor  
  85  8:04  Barracks Reactor  
  85  8:07  SCV x2  
  85  8:08  Factory  
  85  8:09  Supply Depot x2  
  85  8:11  Supply Depot, Orbital Command  
  87  8:15  Armory  
  87  8:19  SCV  
  86  8:20  Marine x3  
  86  8:21  Marine  
  86  8:24  SCV  
  91  8:29  Marine  
  91  8:31  SCV  
  93  8:34  Siege Tank  
  93  8:36  SCV  
  89  8:50  Marine x5  
  89  8:51  Marine x2  
  96  8:55  Marine  
  96  8:56  Marauder  
  96  8:57  Factory Reactor  
  96  9:16  SCV x2  
  96  9:17  Marine x2, SCV  
  101  9:27  Missile Turret  
  101  9:29  Marine x3  
  101  9:30  Marine x3  
  108  9:31  Siege Tank  
  108  9:37  Marine x2  
  108  9:38  Widow Mine x2  
  117  9:39  Marine  
  117  9:46  Supply Depot x2  
  117  9:49  Supply Depot, SCV x2  
  117  9:51  Marine x5  
  124  9:53  Marine  
  124  9:57  Refinery x2  
  125  10:02  SCV  
  125  10:04  SCV  
  124  10:08  Viking  
  124  10:09  Viking  
  124  10:10  Widow Mine x2, Marine x2  
  124  10:11  Marine  
  124  10:19  Marine  
  124  10:20  Marine x2  
  119  10:30  Starport x3  
Tags
 
Add a new tag
Caveats
  • Supply blocks, unpowered buildings, or Contaminate may cause inaccurate times.
  • Supply counts are checked every 10 seconds.